 Dungeon Crawl Stone Soup version 0.26-a0-784-g51bffae0b1 (webtiles) character file.

Game seed: 5244678442593931171

2405 Kinoniko the Carver (level 9, -2/62 HPs)
             Began as a Halfling Fighter on Nov 10, 2020.
             Was a Follower of the Shining One.
             Slain by a two-headed ogre
             ... wielding a +0 giant spiked club
              (3 damage)
             ... on level 8 of the Dungeon.
             The game lasted 00:08:22 (6846 turns).

Kinoniko the Carver (Halfling Fighter)              Turns: 6846, Time: 00:08:22

Health: -2/62      AC: 14    Str: 18    XL:     9   Next: 75%
Magic:  9/9        EV: 16    Int:  6    God:    the Shining One [*.....]
Gold:   442        SH: 11    Dex: 12    Spells: 8/8 levels left

rFire    + . .     SeeInvis +   k - +3 long sword (curse)
rCold    . . .     Faith    +   c - +0 kite shield
rNeg     . . .     Spirit   .   n - +6 scale mail of Muttered Phrases {Harm Rampage Dex-4 SInv}
rPois    .         Reflect  .   m - +0 helmet
rElec    .         Harm     +   (no cloak)
rCorr    .         Rampage  +   (no gloves)
MR       .....                  (no boots)
Stlth    ..........             o - amulet of faith
HPRegen  0.20/turn              g - +4 ring of evasion
MPRegen  0.11/turn              l - ring of protection from fire

@: glowing
A: small, mutation resistance 1
a: Renounce Religion


You were on level 8 of the Dungeon.
You worshipped the Shining One.
The Shining One was aware of your devotion.
You visited 2 branches of the dungeon, and saw 9 of its levels.

You collected 442 gold pieces.

Inventory:

Hand Weapons
 a - a +2 long sword
 k - a cursed +3 long sword (weapon)
Armour
 b - a +0 scale mail
 c - a +0 kite shield (worn)
 m - a +0 helmet (worn)
 n - the +6 scale mail of Muttered Phrases (worn) {Harm Rampage Dex-4 SInv}
   (You found it on level 6 of the Dungeon)

   It affects your dexterity (-4).
   It lets you see invisible.
   It increases damage dealt and taken.
   It bestows one free step when moving towards enemies.
Jewellery
 g - a +4 ring of evasion (left hand)
 l - a ring of protection from fire (right hand)
 o - an amulet of faith (around neck)
 p - an uncursed amulet of magic regeneration {unknown}
Scrolls
 d - 8 scrolls of identify
 e - 5 scrolls of remove curse
 f - 2 scrolls of amnesia {unknown}
 i - 8 scrolls of teleportation
 q - a scroll of enchant weapon
 s - a scroll of blinking {unknown}
Potions
 h - a potion of curing
 j - a potion of flight
 r - 3 potions of berserk rage {unknown}


   Skills:
 + Level 5.7 Fighting
 * Level 8.1 Long Blades
 - Level 3.3 Armour
 + Level 5.6 Dodging
 + Level 7.1 Shields


You had 8 spell levels left.
You didn't know any spells.
Your spell library contained the following spells:

 Spells                   Type           Power        Failure   Level
 Magic Dart               Conj           #...         99%         1
 Blink                    Tloc           N/A          100%        2
 Call Imp                 Summ           #.......     100%        2
 Slow                     Hex            #.......     100%        2
 Conjure Flame            Conj/Fire      #.......     100%        3
 Mephitic Cloud           Conj/Pois/Air  #.......     100%        3


Dungeon Overview and Level Annotations

Branches:
Dungeon (8/15)             Temple (1/1) D:6
   Lair: D:8-11

Altars:
Ashenzari
Cheibriados
Elyvilon
Fedhas
Gozag
Hepliaklqana
Kikubaaqudgha
Makhleb
Nemelex Xobeh
Okawaru
Qazlal
Ru
Sif Muna
Trog
Uskayaw
Vehumet
Wu Jian
Xom
Yredelemnul
Zin
The Shining One

Annotations:
D:5 1 runed translucent door, milododd's ghost, amateur OpVM


Innate Abilities, Weirdness & Mutations

You are small and have problems with some larger weapons.
You are somewhat resistant to further mutation.


Message History

You see here a quokka skeleton.
There is a stone staircase leading down here.
You climb downwards.
Found 18 gold pieces and 18 stones.
There is a stone staircase leading up here.
You now have 442 gold pieces (gained 18).
A two-headed ogre comes into view.
It is wielding a +0 giant spiked club and a +0 giant club.
The two-headed ogre shouts in stereo!
The two-headed ogre moves out of view.
The two-headed ogre hits you with a +0 giant spiked club!!
The two-headed ogre hits you with a +0 giant club!
You are too injured to fight recklessly!
You slash the two-headed ogre!
The two-headed ogre is moderately wounded.
You hit the two-headed ogre.
The two-headed ogre is moderately wounded.
The two-headed ogre hits you with a +0 giant spiked club!
* * * LOW HITPOINT WARNING * * *
The two-headed ogre hits you with a +0 giant club.
You die...

#..# #..#
#..# #..#
#..# #..#
#.(#########
#<.........#
##########@#
......O.#
#######.#
... ###


You could see a two-headed ogre.

Vanquished Creatures
  Pikel (D:6)
  Grinder (D:6)
  A sky beast (D:7)
  A phantom (D:6)
  A necrophage (D:7)
  A lemure (D:6)
  9 wights
  3 jellies
  5 orc priests
  10 orc wizards
  A bullfrog skeleton (D:5)
  A centaur skeleton (D:7)
  2 iguanas (D:7)
  Natasha (thrice) (D:4)
  5 worker ants
  A killer bee zombie (D:6)
  3 gnolls (D:7)
  7 adders
  A shadow imp (D:5)
  3 white imps
  An ufetubus (D:5)
  2 oozes
  An adder skeleton (D:4)
  2 worms
  3 dart slugs
  A leopard gecko (D:2)
  33 orcs
  8 giant cockroaches
  8 goblins
  3 hobgoblins (D:3)
  15 jackals
  10 kobolds
  7 quokkas
  2 ball pythons
  A ball python skeleton (D:4)
  12 bats
  4 frilled lizards
  A quokka skeleton (D:4)
  6 rats
180 creatures vanquished.

Notes
Turn   | Place    | Note
-------+----------+-------------------------------------------
     0 | D:1      | Kinoniko the Halfling Fighter began the quest for the Orb.
     0 | D:1      | Reached XP level 1. HP: 15/15 MP: 1/1
   344 | D:1      | Reached XP level 2. HP: 16/20 MP: 2/2
   702 | D:2      | Reached XP level 3. HP: 25/25 MP: 3/3
   866 | D:2      | Reached XP level 4. HP: 30/31 MP: 4/4
  1392 | D:2      | Reached skill level 1 in Dodging
  1571 | D:3      | Reached skill level 3 in Long Blades
  1932 | D:3      | Reached XP level 5. HP: 33/36 MP: 5/5
  2364 | D:3      | Reached XP level 6. HP: 38/42 MP: 6/6
  2605 | D:4      | You fall into a shaft and drop 1 floor!
  2605 | D:5      | Entered Level 5 of the Dungeon
  2606 | D:5      | Found a white marble altar of Elyvilon.
  2618 | D:5      | Reached skill level 4 in Long Blades
  2717 | D:5      | Found a blossoming altar of Fedhas.
  3028 | D:4      | Noticed Natasha
  3036 | D:4      | Killed Natasha
  3053 | D:4      | Noticed Natasha
  3061 | D:4      | Killed Natasha
  3065 | D:4      | Noticed Natasha
  3074 | D:4      | Killed Natasha
  3074 | D:4      | Reached XP level 7. HP: 34/47 MP: 7/7
  3502 | D:5      | Reached skill level 5 in Shields
  3581 | D:5      | Found a runed translucent door.
  3783 | D:5      | Reached skill level 5 in Long Blades
  3916 | D:5      | Reached XP level 8. HP: 46/54 MP: 8/8
  4455 | D:5      | Noticed milododd's ghost (amateur OpVM)
  4507 | D:6      | Noticed Pikel
  4530 | D:6      | Killed Pikel
  4530 | D:6      | Reached skill level 6 in Long Blades
  4771 | D:6      | Reached skill level 5 in Fighting
  4783 | D:6      | Reached XP level 9. HP: 23/61 MP: 9/9
  4950 | D:6      | Got a steaming scale mail
  4970 | D:6      | Identified the +6 scale mail of Muttered Phrases {Harm
                  | Rampage Dex-4 SInv} (You found it on level 6 of the
                  | Dungeon)
  5005 | D:6      | Found a staircase to the Ecumenical Temple.
  5021 | Temple   | Entered the Ecumenical Temple
  5212 | Temple   | Became a worshipper of the Shining One
  5248 | D:6      | Reached skill level 7 in Long Blades
  5401 | D:6      | Noticed Grinder
  5416 | D:6      | Killed Grinder
  5416 | D:6      | Reached skill level 5 in Dodging
  5545 | D:6      | Found a snail-covered altar of Cheibriados.
  5547 | D:6      | Found a stormy altar of Qazlal.
  5549 | D:6      | Found a sacrificial altar of Ru.
  5739 | D:6      | Reached * piety under the Shining One
  6513 | D:7      | Reached skill level 8 in Long Blades
  6843 | D:8      | Noticed a two-headed ogre
  6846 | D:8      | HP: 1/62 [two-headed ogre/+0 giant spiked club (20)]
  6846 | D:8      | Slain by a two-headed ogre

Illustrated notes

Levels and vault maps discovered:
D:1:      heliophobic_arrival_henge, layout_basic, minmay_misc_feat_cross
D:2:      layout_basic
D:3:      layout_basic
D:4:      layout_cave_pools, minmay_starry_boxes, uniq_natasha
D:5:      layout_loops_ring, chequers_temple_overflow_statue_of_worship,
          ebering_ghost_sewer_d
D:6:      layout_gridville, minitemple, minmay_temple_entry_grid, uniq_grinder,
          uniq_pikel
D:7:      layout_loops_ring
D:8:      minmay_chambers_of_sevens, layout_basic, serial_shops, shop_fountains,
          okawaru_trees_1
Temple:   eino_temple_scatter_basement

Skill      XL: |  1  2  3  4  5  6  7  8  9 |
---------------+----------------------------+-----
Fighting       | 3 4 5 |  5.7
Shields        | 4 5 6 7 |  7.1
Dodging        | 1 2 3 4 5 |  5.6
Long Blades    | 3 4 5 6 8 |  8.1
Armour         | |  3.3

Action                   |  1- 3 |  4- 6 |  7- 9 || total
-------------------------+-------+-------+-------++-------
Melee: Long sword        |    63 |   224 |   317 ||   604
  Use: Scroll            |       |    11 |       ||    11
       Potion            |       |     4 |     1 ||     5
Armor: Scale mail        |    25 |    94 |    65 ||   184
Dodge: Dodged            |    29 |   130 |   177 ||   336
Block: Kite shield       |    31 |   154 |   167 ||   352
       Rpst.: Long sword |    12 |    41 |    57 ||   110

Table legend: (Time is in decaauts)
 A = Elapsed time spent in this place.
 B = Non-inter-level travel time spent in this place.
 C = Inter-level travel time spent in this place.
 D = Time resting spent in this place.
 E = Time spent auto-exploring this place.
 F = Levels seen in this place.
 G = Mean time per level.
                   A        B        C        D        E       F      G
               +--------+--------+--------+--------+--------+-----+--------+
         Total |   6993 |   6851 |    142 |   1044 |   4467 |   9 |  777.0 |
       Dungeon |   6788 |   6646 |    142 |   1044 |   4307 |   8 |  848.5 |
        Temple |    204 |    204 |      0 |      0 |    160 |   1 |  204.0 |
               +--------+--------+--------+--------+--------+-----+--------+

Top non-repeatable levels by time:
     D:6: 1421 daAuts
     D:5: 1157 daAuts
     D:3: 1132 daAuts
     D:2: 805 daAuts
     D:4: 778 daAuts
     D:7: 767 daAuts
     D:1: 714 daAuts
  Temple: 204 daAuts
     D:8: 11 daAuts
